 Dungeon Crawl Stone Soup version 0.27.0-1-g7a089689b8 (webtiles) character file.

Game seed: 3289857905163452451

510 mrzisme the Magician (level 6, 0/32 HPs)
             Began as a Deep Elf Hedge Wizard on Aug 18, 2021.
             Slain by a sky beast (5 damage)
             ... on level 5 of the Dungeon.
             The game lasted 00:39:05 (5006 turns).

mrzisme the Magician (Deep Elf Hedge Wizard)        Turns: 5006, Time: 00:39:05

Health: 0/32       AC:  2    Str:  7    XL:     6   Next: 98%
Magic:  18/18      EV: 12    Int: 21    God:
Gold:   155        SH:  0    Dex: 14    Spells: 6/19 levels left

rFire    . . .     SeeInvis .   f - +0 short sword
rCold    . . .     Faith    .   (no shield)
rNeg     . . .     Spirit   .   b - +0 robe
rPois    .         Reflect  .   c - +0 hat
rElec    .         Harm     .   (no cloak)
rCorr    .         Rampage  .   (no gloves)
Will     .....                  (no boots)
Stlth    ++........             (no amulet)
HPRegen  0.10/turn              (no ring)
MPRegen  0.16/turn              (no ring)

@: very slightly contaminated
A: no striking features
a: no special abilities


You were on level 5 of the Dungeon.
You visited 1 branch of the dungeon, and saw 5 of its levels.

You collected 155 gold pieces.

Inventory:

Hand Weapons
 a - a +0 dagger
 f - a +0 short sword (weapon)
 v - a +0 short sword of holy wrath
Missiles
 r - 18 poisoned darts (quivered)
Armour
 b - a +0 robe (worn)
 c - a +0 hat (worn)
 j - a +0 scale mail of willpower
Magical Staves
 e - a staff of cold
Scrolls
 g - a scroll of noise {unknown}
 h - a scroll of fear {unknown}
 i - a scroll of identify {unknown}
 k - a scroll of enchant weapon {unknown}
 m - a scroll of teleportation {unknown}
 o - a scroll of magic mapping
 q - a scroll of amnesia {unknown}
Potions
 d - a potion of might {unknown}
 l - a potion of curing {unknown}
 n - a potion of magic
 p - a potion of cancellation {unknown}
 s - a potion of haste {unknown}
 t - a potion of heal wounds {unknown}
 u - a potion of degeneration {unknown}


   Skills:
 - Level 2.4 Dodging
 - Level 2.4 Stealth
 + Level 7.1 Spellcasting
 * Level 6.6 Conjurations
 - Level 1.1 Summonings
 - Level 1.1 Translocations


You had 6 spell levels left.
You knew the following spells:

 Your Spells              Type           Power      Damage    Failure   Level
a - Magic Dart            Conj           100%       1d8       1%          1
b - Blink                 Tloc           N/A        N/A       9%          2
c - Call Imp              Summ           12%        N/A       9%          2
d - Slow                  Hex            7%         N/A       13%         2
e - Mephitic Cloud        Conj/Pois/Air  16%        N/A       11%         3
f - Conjure Flame         Conj/Fire      21%        6-21      7%          3

Your spell library contained the following spells:

 Spells                   Type           Power      Damage    Failure   Level
 Summon Small Mammal      Summ           48%        N/A       5%          1
 Call Canine Familiar     Summ           12%        N/A       17%         3
 Summon Guardian Golem    Hex/Summ       9%         N/A       22%         3


Dungeon Overview and Level Annotations

Branches:
Dungeon (4/15)
 Temple: D:4-7

Altars:

Shops:
D:2 (   D:3 :   D:4 :

Annotations:
D:4 Blork the orc


Message History

Press: ? - help, Shift-Dir - straight line, f - sky beast
Aim: a sky beast (100% to hit)
The magic dart hits the sky beast but does no damage.
The sky beast hits you. The sky beast shocks you.
Casting: Magic Dart (safe; 1% risk of failure)
Confirm with . or Enter, or press ? or * to list all spells.
Aiming: Magic Dart (safe; 1% risk of failure)
Press: ? - help, Shift-Dir - straight line, f/p - sky beast
Aim: a sky beast (100% to hit)
The magic dart hits the sky beast.
The sky beast is lightly wounded.
The sky beast completely misses you.
Casting: Magic Dart (safe; 1% risk of failure)
Confirm with . or Enter, or press ? or * to list all spells.
Aiming: Magic Dart (safe; 1% risk of failure)
Press: ? - help, Shift-Dir - straight line, f/p - sky beast
Aim: a sky beast (lightly wounded, 100% to hit)
The magic dart hits the sky beast.
The sky beast is lightly wounded.
The sky beast barely misses you.
Casting: Magic Dart (safe; 1% risk of failure)
Confirm with . or Enter, or press ? or * to list all spells.
Aiming: Magic Dart (safe; 1% risk of failure)
Press: ? - help, Shift-Dir - straight line, f/p - sky beast
Aim: a sky beast (lightly wounded, 100% to hit)
The magic dart hits the sky beast!
The sky beast is heavily wounded.
The sky beast barely misses you.
Casting: Magic Dart (safe; 1% risk of failure)
Confirm with . or Enter, or press ? or * to list all spells.
Aiming: Magic Dart (safe; 1% risk of failure)
Press: ? - help, Shift-Dir - straight line, f/p - sky beast
Aim: a sky beast (moderately wounded, 100% to hit)
You miscast Magic Dart.
You are very lightly contaminated with residual magic.
Nothing appears to happen.
The sky beast hits you. The sky beast shocks you.
* * * LOW HITPOINT WARNING * * *
It was a potion of magic.
Magic courses through your body. The sky beast hits you.
You die...

# ####.####
#####.......#
#..@#.##.#..#
#.###Y.#......
#........#
#..†.....#
#...#......##
.....#####.###
##### .# #


You could see a sky beast.

Vanquished Creatures
  A water moccasin (D:4)
  An ogre (D:4)
  A necrophage (D:4)
  An orc priest (D:3)
  Natasha (twice) (D:3)
  2 gnolls (D:2)
  3 adders
  A worm (D:4)
  A dart slug (D:2)
  11 orcs
  12 endoplasms
  5 giant cockroaches
  4 hobgoblins
  8 jackals
  A quokka (D:2)
  11 ball pythons
  5 bats
  9 frilled lizards
  2 goblins
  9 kobolds
  6 rats
96 creatures vanquished.

Notes
Turn   | Place    | Note
-------+----------+-------------------------------------------
     0 | D:1      | mrzisme the Deep Elf Hedge Wizard began the quest for the
                  | Orb.
     0 | D:1      | Reached XP level 1. HP: 10/10 MP: 7/7
   320 | D:1      | Reached XP level 2. HP: 15/15 MP: 3/9
   659 | D:1      | Learned a level 2 spell: Blink
   662 | D:1      | Learned a level 2 spell: Call Imp
   665 | D:1      | Learned a level 2 spell: Slow
  1222 | D:1      | Reached XP level 3. HP: 19/19 MP: 7/11
  1226 | D:1      | Learned a level 3 spell: Mephitic Cloud
  1376 | D:2      | Reached skill level 5 in Spellcasting
  1617 | D:2      | Found a faded altar of an unknown god.
  2006 | D:2      | Found Teumoef Waco's Antique Weapon Emporium.
  2167 | D:2      | Reached XP level 4. HP: 18/24 MP: 4/13
  2237 | D:2      | Learned a level 3 spell: Conjure Flame
  3208 | D:3      | Noticed Natasha
  3249 | D:3      | Found Icsatruo's Book Shop.
  3274 | D:3      | Killed Natasha
  3275 | D:3      | Reached XP level 5. HP: 28/28 MP: 5/15
  3511 | D:3      | Reached skill level 6 in Spellcasting
  3780 | D:3      | Noticed Natasha
  3785 | D:3      | Killed Natasha
  3786 | D:3      | Reached skill level 5 in Conjurations
  4171 | D:4      | Noticed a water moccasin
  4171 | D:4      | Noticed an ogre
  4171 | D:4      | Noticed Blork the orc
  4494 | D:4      | Killed a water moccasin
  4495 | D:4      | Reached XP level 6. HP: 9/32 MP: 7/17
  4735 | D:4      | Found Rues's Book Emporium.
  4916 | D:4      | Reached skill level 7 in Spellcasting
  4990 | D:4      | You fall into a shaft and drop 1 floor!
  4990 | D:5      | Entered Level 5 of the Dungeon
  4995 | D:5      | Noticed a sky beast
  5006 | D:5      | Slain by a sky beast

Illustrated notes

Levels and vault maps discovered:
D:1:      ncdulo_smallfort, layout_basic, amethyst_killhole
D:2:      layout_loops_corners, hellmonk_ecumenical_altar_slurped_away,
          serial_shops, nicolae_diamond_shop, minmay_misc_feat_rows
D:3:      layout_basic, serial_shops, nicolae_shop_trees, uniq_natasha
D:4:      layout_basic, nicolae_ashenzari_skybound,
          nicolae_overflow_crystal_walls, serial_shops, shop_fountains,
          kennysheep_cross_bottleneck, minivault_19, minmay_misc_feat_x,
          uniq_blork_the_orc
D:5:      layout_loops_corners, minmay_temple_entry_enclosed_plants,
          lemuel_flamethrower_2, uniq_prince_ribbit1

Skill      XL: |  1  2  3  4  5  6 |
---------------+-------------------+-----
Conjurations   | 2 3 4 5 6 |  6.6
Spellcasting   | 5 6 7 |  7.1
Dodging        | |  2.4
Stealth        | |  2.4
Summonings     | |  1.1
Translocations | |  1.1

Action                   |  1- 3 |  4- 6 || total
-------------------------+-------+-------++-------
Melee: Short sword       |    23 |       ||    23
 Cast: Magic Dart        |   100 |   152 ||   252
       Slow              |     3 |       ||     3
       Mephitic Cloud    |       |     1 ||     1
       Conjure Flame     |       |     1 ||     1
  Use: Scroll            |       |     1 ||     1
       Potion            |       |     1 ||     1
Armor: Robe              |     4 |     4 ||     8
Dodge: Dodged            |    35 |    16 ||    51
